 Dungeon Crawl Stone Soup version 0.20-a0-1017-gc3250ce (webtiles) character file.

2730 Gorice the Jinx (level 9, -2/45 HPs)
             Began as a Kobold Enchanter on Apr 16, 2017.
             Was a Believer of Okawaru.
             Impaled on a porcupine's spines (13 damage)
             ... on level 8 of the Dungeon.
             The game lasted 00:39:59 (9939 turns).

Gorice the Jinx (Kobold Enchanter)                  Turns: 9939, Time: 00:40:00

Health: -2/45      AC:  3    Str:  8    XL:     9   Next: 99%
Magic:  1/12       EV: 17    Int: 17    God:    Okawaru [**....]
Gold:   480        SH:  0    Dex: 19    Spells: 3/12 levels left

rFire    . . .     SeeInvis .   a - +2 dagger
rCold    . . .     Gourm    .   (shield restricted)
rNeg     . . .     Faith    .   b - +1 robe
rPois    .         Spirit   .   (no helmet)
rElec    .         Reflect  .   (no cloak)
rCorr    .         Harm     .   (no gloves)
MR       .....                  (no boots)
Stlth    +++.......             (no amulet)
Regen    0.2/turn               n - +2 ring of dexterity
MPRegen  0.2/turn               L - +2 ring of dexterity

@: about to teleport
A: carnivore 3
a: Heroism, Renounce Religion


You were on level 8 of the Dungeon.
You worshipped Okawaru.
Okawaru was pleased with you.
You were completely stuffed.

You visited 2 branches of the dungeon, and saw 9 of its levels.

You collected 480 gold pieces.

Inventory:

Hand Weapons
 a - a +2 dagger (weapon)
 f - a +0 hunting sling
 m - a +0 short sword
 p - a +5 trident of piercing
   (You took it off Terence on level 2 of the Dungeon)
 w - a +0 rapier
 A - a +1 whip of flaming
   (You took it off Pikel on level 4 of the Dungeon)
 C - a cursed -1 blowgun {prob cursed}
 P - a +2 spear of venom
   (You found it on level 6 of the Dungeon)
 T - the cursed +1 mace of Agony {venom, rN+ Str+2, unknown}
   (You found it on level 8 of the Dungeon)

   It poisons the flesh of those it strikes.
   It affects your strength (+2).
   It protects you from negative energy.
   It has a curse placed upon it.
Missiles
 h - 60 bolts
 j - 50 poisoned needles
 y - 8 curare-tipped needles
 R - 8 tomahawks (quivered)
 X - a tomahawk of dispersal
 Y - 4 throwing nets
 Z - 265 stones
Armour
 b - a +1 robe (worn)
 o - a +0 ring mail
 q - a +0 scale mail
 x - a +2 buckler
 G - +0 fire dragon scales
 H - the +1 scale mail of Beoghem {rElec rPois Int+5 Dex+4}
   (You found it on level 5 of the Dungeon)

   It affects your intelligence (+5).
   It affects your dexterity (+4).
   It insulates you from electricity.
   It protects you from poison.
Jewellery
 n - a +2 ring of dexterity (left hand)
 L - a +2 ring of dexterity (right hand)
Wands
 t - a wand of clouds (8/9)
 v - a wand of flame (24/48)
 I - a wand of lightning (9/15)
Scrolls
 r - 3 scrolls of enchant weapon
 z - 3 scrolls of magic mapping {!r}
 D - 3 scrolls of remove curse
 F - 6 scrolls of teleportation {!r}
 J - a scroll of amnesia
 K - a scroll of fear {!r}
 V - a scroll of enchant armour
Potions
 e - a potion of lignification {!q}
 k - 3 potions of flight
 l - 2 potions of brilliance {!q}
 s - a potion of mutation {!q}
 u - 4 potions of heal wounds {!q}
 E - a potion of cancellation {!q}
 N - 2 potions of might {!q}
 O - a potion of berserk rage
 Q - a potion of curing {unknown}
 S - a potion of magic {unknown}
 U - a potion of ambrosia {unknown}
Books
 c - a book of Maledictions
 B - a book of Callings
 M - a book of Geomancy
Comestibles
 d - 4 meat rations {!e}
 g - 3 royal jellies


   Skills:
 - Level 9.0 Short Blades
 + Level 1.0 Armour
 - Level 4.3 Dodging
 - Level 4.0 Stealth
 - Level 2.1 Spellcasting
 + Level 10.5 Hexes
 - Level 2.2 Invocations


You had 3 spell levels left.
You knew the following spells:

 Your Spells              Type           Power        Failure   Level  Hunger
a - Corona                Hex            #####..      1%          1    #......
b - Ensorcelled Hibernat  Hex/Ice        ###...       3%          2    ###....
c - Confuse               Hex            #####...     1%          3    ###....
d - Tukima's Dance        Hex            #####...     1%          3    ###....


Dungeon Overview and Level Annotations

Branches:
Dungeon (8/15)             Temple (1/1) D:7            Lair (0/6) D:8

Altars:
Ashenzari
Cheibriados
Elyvilon
Fedhas
Gozag
Hepliaklqana
Kikubaaqudgha
Makhleb
Nemelex Xobeh
Okawaru
Qazlal
Ru
Sif Muna
Trog
Uskayaw
Vehumet
Wu Jian
Xom
Yredelemnul
Zin
The Shining One

Annotations:
D:7 bworf's ghost, novice MiGl


Innate Abilities, Weirdness & Mutations

You are small and have problems with some larger weapons.
You are carnivorous and can eat meat at any time.


Message History

You hit the porcupine.
The porcupine is lightly wounded.
The porcupine completely misses you.
You hit the porcupine.
The porcupine is moderately wounded.
You hit the porcupine.
The porcupine is heavily wounded.
The porcupine closely misses you.
You completely miss the porcupine.
The porcupine is heavily wounded.
The porcupine completely misses you.
You hit the porcupine.
The porcupine is severely wounded.
You are struck by the porcupine's spines.
* * * LOW HITPOINT WARNING * * *
You hit the porcupine but do no damage.
The porcupine is severely wounded.
The porcupine completely misses you.
Damage: 8 (max 13)
You closely miss the porcupine.
The porcupine is severely wounded.
You closely miss the porcupine.
The porcupine is severely wounded.
The porcupine completely misses you.
You hit the porcupine.
The porcupine is severely wounded.
The porcupine bites you.
* * * LOW HITPOINT WARNING * * *
Damage: 3 (max 13) Unknown command.
Really read
F - 7 scrolls of teleportation {!r}?
As you read the scroll of teleportation {!r}, it crumbles to dust.
You feel strangely unstable. The porcupine closely misses you.
Unknown command.
You hit the porcupine but do no damage.
The porcupine is severely wounded.
You miss the porcupine.
The porcupine is severely wounded.
The porcupine completely misses you.
You closely miss the porcupine.
The porcupine is severely wounded.
The porcupine closely misses you.
You are struck by the porcupine's spines.
* * * LOW HITPOINT WARNING * * *
You hit the porcupine.
The porcupine is almost dead.
You feel like a meek peon again.
Damage: 9 (max 13)
You are struck by the porcupine's spines.
You die...

#.......# P.......
###.##..# ....♣..>.
###.##..# ##♣.P....P.
.(..##..# #....).♣r..
.#####..# #......P... .#
#..# #.......... (## #..#
#c...P...P. .(####..#
#r#........
..#.....########@#####PrP.
..#.##............# .#
..#...............######.##
.%'........................
..####.....................
..# #..≈≈≈.....(..........
..# #...≈≈.≈........≈.....
..# #......≈≈.............
..# #......≈≈.............


You could see a centaur and a porcupine.

Vanquished Creatures
  Pikel (D:4)
  Prince Ribbit (D:6)
  A water moccasin (D:5)
  A porcupine (D:8)
  A slave (D:3)
  An ice beast (D:7)
  2 ogres
  2 phantoms (D:7)
  An eye of draining (D:7)
  A sky beast (D:5)
  A crocodile (D:8)
  A big kobold (D:7)
  4 bullfrogs
  2 scorpions
  An electric eel (D:8)
  3 crimson imps
  2 hounds
  A jelly (D:6)
  A bullfrog skeleton (D:4)
  2 iguanas (D:4)
  Terence (D:2)
  5 worker ants
  A hound skeleton (D:4)
  2 worker ant zombies
  6 gnolls
  11 adders
  2 shadow imps
  An ooze (D:1)
  An adder zombie (D:6)
  5 worms
  3 dart slugs
  6 leopard geckos
  6 orcs
  13 bats
  5 giant cockroaches
  8 goblins
  10 hobgoblins
  10 jackals
  A quokka (D:3)
  5 frilled lizards
  A jackal skeleton (D:4)
  14 kobolds
  7 rats
154 creatures vanquished.

Vanquished Creatures (collateral kills)
  2 gnolls
  2 orcs (D:6)
  A quokka (D:7)
  A kobold (D:7)
6 creatures vanquished.

Vanquished Creatures (others)
  3 dancing weapons
  An orc priest (D:4)
  A worker ant (D:4)
  An orc (D:4)
  A jackal (D:4)
  A kobold (D:4)
  2 bushes (D:8)
  4 fungi (D:8)
  6 plants (D:8)
20 creatures vanquished.

Grand Total: 180 creatures vanquished

Notes
Turn   | Place    | Note
-------+----------+-------------------------------------------
     0 | D:1      | Gorice the Kobold Enchanter began the quest for the Orb.
     0 | D:1      | Reached XP level 1. HP: 10/10 MP: 3/3
   163 | D:1      | Reached XP level 2. HP: 15/15 MP: 5/5
   210 | D:1      | Reached skill level 2 in Short Blades
   215 | D:1      | Learned a level 2 spell: Ensorcelled Hibernation
   499 | D:1      | HP: 2/15 [kobold/whip (6)]
   776 | D:1      | Reached XP level 3. HP: 19/19 MP: 4/6
  1318 | D:1      | Reached skill level 3 in Short Blades
  2694 | D:2      | Reached XP level 4. HP: 24/24 MP: 7/7
  2722 | D:2      | Reached skill level 4 in Hexes
  2842 | D:2      | Noticed Terence
  2884 | D:1      | Learned a level 3 spell: Confuse
  2963 | D:2      | HP: 5/24 [Terence/stone (6)]
  2970 | D:2      | Killed Terence
  3259 | D:2      | Reached XP level 5. HP: 28/28 MP: 6/8
  4243 | D:3      | Reached skill level 4 in Short Blades
  4291 | D:3      | Found a sparkling altar of Nemelex Xobeh.
  4890 | D:4      | Noticed a slave
  4890 | D:4      | Noticed a slave
  4891 | D:4      | Noticed Pikel
  4893 | D:4      | Noticed a slave
  4897 | D:4      | Noticed a slave
  4902 | D:3      | HP: 8/28 [slave[Pikel] (5)]
  4904 | D:3      | Killed a slave
  5206 | D:4      | Reached skill level 5 in Hexes
  5288 | D:4      | Reached XP level 6. HP: 26/32 MP: 2/9
  5548 | D:4      | Killed Pikel
  5548 | D:4      | Reached skill level 5 in Short Blades
  5548 | D:4      | Reached skill level 4 in Dodging
  5548 | D:4      | Reached skill level 6 in Hexes
  5548 | D:4      | Reached XP level 7. HP: 14/36 MP: 6/10
  5919 | D:4      | Reached skill level 6 in Short Blades
  5919 | D:4      | Reached XP level 8. HP: 41/41 MP: 4/11
  6327 | D:4      | Reached skill level 7 in Hexes
  6333 | D:4      | Found an iron altar of Okawaru.
  6335 | D:4      | Found a snail-covered altar of Cheibriados.
  6413 | D:4      | Learned a level 3 spell: Tukima's Dance
  6415 | D:5      | Entered Level 5 of the Dungeon
  6453 | D:5      | Got a faintly humming scale mail
  6454 | D:5      | Identified the +1 scale mail of Beoghem {rElec rPois Int+5 Dex+4} (You found it on level 5 of the Dungeon)
  6619 | D:4      | Became a worshipper of Warmaster Okawaru
  7047 | D:6      | Found a basalt altar of Yredelemnul.
  7060 | D:6      | Reached skill level 7 in Short Blades
  7060 | D:6      | Reached skill level 8 in Hexes
  7392 | D:6      | Noticed Prince Ribbit
  7446 | D:5      | Reached XP level 9. HP: 16/45 MP: 9/12
  7448 | D:5      | Reached * piety under Okawaru
  7450 | D:5      | HP: 13/45 [poisoned by a worker ant]
  7456 | D:5      | HP: 11/45 [poisoned by a worker ant]
  7464 | D:5      | HP: 10/45 [poisoned by a worker ant]
  7472 | D:5      | HP: 10/45 [poisoned by a worker ant]
  7803 | D:6      | Reached skill level 9 in Hexes
  7960 | D:6      | Killed Prince Ribbit
  7960 | D:6      | Reached skill level 8 in Short Blades
  8152 | D:7      | Found a staircase to the Ecumenical Temple.
  8325 | Temple   | Entered the Ecumenical Temple
  8473 | D:7      | Noticed bworf's ghost (novice MiGl)
  8863 | D:7      | Reached skill level 9 in Short Blades
  8863 | D:7      | Reached skill level 10 in Hexes
  8891 | D:7      | Found a hide-covered altar of Uskayaw.
  9250 | D:7      | Reached ** piety under Okawaru
  9250 | D:7      | Reached skill level 1 in Invocations
  9842 | D:8      | Got a twisted mace
  9876 | D:8      | Reached skill level 2 in Invocations
  9891 | D:8      | Reached skill level 1 in Armour
  9904 | D:8      | Found a staircase to the Lair.
  9921 | D:8      | HP: 2/45 [centaur/arrow (13)]
  9938 | D:8      | HP: 11/45 [porcupine's spines (9)]
  9939 | D:8      | Impaled on a porcupine's spines

Vault maps used:
D:1:      minmay_arrival_stair_chambers
D:2:      uniq_terence
D:3:      kennysheep_nub, columned_hall_lemuel, nemelex_diamond_rough_becter
D:4:      nicolae_overflow_hidden_temple, uniq_pikel
D:5:      first_bread
D:6:      kennysheep_little_box, uniq_prince_ribbit1
D:7:      minmay_temple_entry_junction, basic_altar
D:8:      kennysheep_mini, minmay_lair_entry_grove
Temple:   nicolae_temple_no_exploring_needed

Skill      XL: |  1  2  3  4  5  6  7  8  9 |
---------------+----------------------------+-----
Short Blades   | 2 3 4 5 6 7 9 |  9.0
Hexes          | 4 5 6 8 10 | 10.5
Dodging        | 4 |  4.3
Invocations    | 2 |  2.2
Armour         | 1 |  1.0
Stealth        | |  4.0
Spellcasting   | |  2.1

Action                   |  1- 3 |  4- 6 |  7- 9 || total
-------------------------+-------+-------+-------++-------
Melee: Dagger            |   121 |    96 |   260 ||   477
       Punch             |       |       |     1 ||     1
Throw: Stone             |       |     8 |       ||     8
 Cast: Corona            |    36 |     5 |     2 ||    43
       Ensorcelled Hiber |    11 |    38 |    60 ||   109
       Confuse           |       |     5 |    34 ||    39
       Tukima's Dance    |       |       |    11 ||    11
Invok: Heroism           |       |       |     2 ||     2
  Use: Scroll            |     3 |     8 |    13 ||    24
       Potion            |       |       |     1 ||     1
 Stab: Sleeping          |    11 |    36 |    43 ||    90
       Confused          |       |     3 |    18 ||    21
       Distracted        |       |       |     1 ||     1
  Eat: Chunk             |    15 |    12 |    23 ||    50
Armor: Robe              |    14 |    10 |    10 ||    34
Dodge: Dodged            |   114 |    73 |   111 ||   298

Table legend:
 A = Turns spent in this place as a percentage of turns spent in the entire game.
 B = Non-inter-level travel turns spent in this place as a percentage of non-inter-level travel turns spent in the entire game.
 C = Inter-level travel turns spent in this place as a percentage of turns spent in this place.
 D = Turns resting spent in this place as a percentage of non-inter-level travel turns spent in this place.
 E = Turns spent auto-exploring this place as a percentage of non-inter-level travel turns spent in this place.
 F = Non-inter-level travel turns spent in this place divided by the number of levels of this place that you've seen.
                   A       B       C       D       E      F
               +-------+-------+-------+-------+-------+----------------------
         Total | 100.0 | 100.0 |   0.5 |   6.2 |   5.3 | 335.9
       Dungeon | 100.0 | 100.0 |   0.5 |   6.2 |   5.3 | 377.8
        Temple |   0.0 |   0.0 |   0.0 |   0.0 |   0.0 |   1.0
               +-------+-------+-------+-------+-------+----------------------

Vault maps used:
D:1:      minmay_arrival_stair_chambers
D:2:      uniq_terence
D:3:      kennysheep_nub, columned_hall_lemuel, nemelex_diamond_rough_becter
D:4:      nicolae_overflow_hidden_temple, uniq_pikel
D:5:      first_bread
D:6:      kennysheep_little_box, uniq_prince_ribbit1
D:7:      minmay_temple_entry_junction, basic_altar
D:8:      kennysheep_mini, minmay_lair_entry_grove
Temple:   nicolae_temple_no_exploring_needed
